[Event "IV Estrellas 2022"]
[Site "La Palma"]
[Date "2022.08.11"]
[Round "8.10"]
[White "Cruz Gomez, Isidro"]
[Black "Roeder, Matthias"]
[Result "0-1"]
[ECO "E11"]
[WhiteElo "2089"]
[BlackElo "2357"]
[Annotator "TA"]
[PlyCount "106"]
[EventDate "2022.08.06"]
[EventType "swiss"]
[EventCountry "ESP"]
[SourceTitle "playchess.com"]
[Source "ChessBase"]
[SourceQuality "1"]
[TimeControl "5400+30"]

1. d4 Nf6 2. c4 e6 3. Nf3 d5 4. g3 Bb4+ 5. Bd2 a5 6. a3 Be7 7. Qc2 O-O 8. Bg2 c6 9. O-O Nbd7 10. Bg5 {[%emt 0:00:44] E11: Bogo-Indian.} b6 11. Nbd2 Ba6 12. Rfc1 {[%emt 0:01:56] The position is equal.} Rc8 {[%emt 0:03:04] [#]} 13. e4 $146 ({Predecessor:} 13. Qd1 h6 14. Bxf6 gxf6 15. e3 Kg7 16. Bf1 Nb8 17. cxd5 cxd5 18. Rxc8 Qxc8 19. Rc1 {1-0 (40) Iskusnyh,S (2473)-Okike,D (2177) Chess.com INT 2021}) 13... dxe4 14. Nxe4 c5 15. dxc5 (15. Nxf6+ {with more complications.} Bxf6 16. Bxf6 Nxf6 17. Rd1) 15... Nxe4 16. Bxe7 Qxe7 17. Qxe4 Nxc5 18. Qe3 a4 {[%emt 0:00:07] Strongly threatening ...Nb3.} 19. Nd2 {[%emt 0:00:35] Against Nb3} Rfd8 20. Rc3 {[%emt 0:00:44] Against Rd3} Bb7 21. b4 axb3 $1 22. Nxb3 Bxg2 23. Nxc5 Bc6 ({Reject} 23... bxc5 24. Kxg2 e5 25. a4 $11) 24. Nd3 Ba8 25. Rb1 Rd6 26. Ne1 {[%emt 0:02:31] White is now going downhill.} (26. Rxb6 $2 Rxb6 27. Qxb6 Qf6 $19) 26... Qc7 27. c5 bxc5 28. Rxc5 {[%emt 0:00:24] [#]} Rc6 $40 {[%emt 0:00:06][%mdl 128] Black is out for blood.} 29. Rxc6 Qxc6 30. f3 h6 31. Qb6 (31. Rb2 $142) 31... Qc3 $17 32. Qb3 {[%emt 0:01:29] Hoping for Qxc3.} Qd4+ 33. Kg2 Bd5 {[%emt 0:00:08] Black is much more active.} 34. Rd1 {[%emt 0:01:48] Inhibits Qd2+.} (34. Qb2 $17 {was worth a try.} Qe3 35. a4) 34... Qe5 $19 ({Inferior is} 34... Bxb3 35. Rxd4 Ra8 36. Kh3 $17) 35. Qa4 (35. Qd3) 35... Qe2+ 36. Kg1 Qe3+ 37. Kh1 Bxf3+ $2 (37... Qf2 {mates} 38. h3 Rc3 39. Qf4 Qf1+ 40. Kh2 Qe2+ 41. Kg1 Qxd1 42. Kf2 Rxa3 43. Qb8+ Kh7 44. Qb2 Ra2 45. Qxa2 Qd4+ 46. Ke2 Bxa2 47. g4 Bc4+ 48. Nd3 Qxd3+ 49. Kf2 Qe2+ 50. Kg3 Qe1+ 51. Kh2 Qf2+ 52. Kh1 Bd5 53. h4 Bxf3#) 38. Nxf3 Qxf3+ {[%emt 0:00:05][%mdl 4096] Endgame KQR-KQR} 39. Kg1 Ra8 40. Qd7 Qxa3 41. Kg2 Qa4 42. Qd3 $2 (42. Qd2 {might work better.}) 42... Qc6+ 43. Kh3 (43. Kf2 $142 Ra2+ 44. Rd2) 43... Rc8 $2 (43... Ra2 {( -> ...Qg2+)} 44. Rd2 Rxd2 45. Qxd2 Qf3) 44. Rd2 {[%emt 0:00:56] Inhibits Qg2+.} g6 45. Qe3 h5 46. Qe5 (46. Qf4 {was called for.}) 46... Qf3 47. Qe1 {[%emt 0:01:42] Inhibits Qf1+.} Qg4+ 48. Kg2 h4 {[%emt 0:00:16] And now ...h3+ would win.} 49. Rf2 (49. Kg1 $142) 49... Rc4 {[%emt 0:02:42] White must now prevent ...h3+.} 50. Qd2 Qe4+ (50... Rd4 $142 51. Qe3 e5) 51. Kh3 {[%emt 0:03:28] aiming for Qd8+.} Rd4 {[%emt 0:00:16] Inhibits Qd8+.} (51... Qg4+ 52. Kg2 Rd4 53. Qe3 h3+ 54. Kg1 Rd1+ 55. Rf1 Rxf1+ 56. Kxf1 Qd1+ 57. Qe1 Qxe1+ 58. Kxe1) 52. Qg5 {[%emt 0:00:26] [#]} (52. Qf4 $19 Qxf4 53. gxf4) 52... hxg3 53. hxg3 Rd5 {[%emt 0:00:47] Weighted Error Value: White=0.96/Black=0.49} 0-1

[Event "IV Estrellas 2022"]
[Site "La Palma"]
[Date "2022.08.11"]
[Round "8.11"]
[White "Hernandez Leon, Sergio"]
[Black "Capote Robayna, Nathaniel"]
[Result "1-0"]
[ECO "B30"]
[WhiteElo "2094"]
[BlackElo "2150"]
[Annotator "TA"]
[PlyCount "39"]
[EventDate "2022.08.06"]
[EventType "swiss"]
[EventCountry "ESP"]
[SourceTitle "playchess.com"]
[Source "ChessBase"]
[SourceQuality "1"]
[TimeControl "5400+30"]

1. e4 c5 2. Nf3 Nc6 3. Bb5 e6 4. O-O Nge7 5. d4 cxd4 6. Nxd4 Nxd4 {[%emt 0:05:33] 6...Ng6 is becoming the main line. B30: Sicilian: 2...Nc6 3 Bb5, lines without ...g6.} 7. Qxd4 a6 8. Ba4 b5 {[%emt 0:00:56] The position is equal.} 9. Bb3 Nc6 10. Qd3 Qc7 11. Nc3 Bc5 12. Be3 Bxe3 13. Qxe3 O-O {[%emt 0:00:53] [#]} 14. Rad1 $146 ({Predecessor:} 14. a3 d6 15. Rad1 Rd8 16. f4 Rb8 17. f5 Qb6 18. Qxb6 Rxb6 19. fxe6 fxe6 20. Rd2 {1-0 (31) Bladyko,P (1261)-Sanchez Redondo,J (1186) IECC email 2002}) 14... Rd8 15. f4 d6 16. Kh1 Na5 (16... Rb8 $11) 17. f5 $14 {[%emt 0:04:48] [#] Threatens to win with f6. White is more active.} Nxb3 18. f6 gxf6 19. Qh6 $18 {[%emt 0:02:22] White wants to mate with Rd3.} f5 20. Qe3 $2 {[%emt 0:19:07][%mdl 32768] Weighted Error Value: White=0.07 (flawless) /Black=0.18 (very precise) . Loss on time!?} ({Better is} 20. Rd3 $18 d5 21. Rff3) 1-0

[Event "IV Estrellas 2022"]
[Site "La Palma"]
[Date "2022.08.11"]
[Round "8.12"]
[White "Baeza Escudero, Javier"]
[Black "Acosta Sosa, Juan Manuel"]
[Result "0-1"]
[ECO "B70"]
[WhiteElo "1861"]
[BlackElo "2310"]
[Annotator "TA"]
[PlyCount "82"]
[EventDate "2022.08.06"]
[EventType "swiss"]
[EventCountry "ESP"]
[SourceTitle "playchess.com"]
[Source "ChessBase"]
[SourceQuality "1"]
[TimeControl "5400+30"]

1. e4 c5 2. Nf3 Nc6 3. d4 cxd4 4. Nxd4 g6 5. Nc3 Bg7 6. Be3 Nf6 7. Bc4 O-O 8. O-O d6 9. Bb3 Ng4 10. Nxc6 bxc6 11. Bd2 {[%emt 0:00:51] B70: Sicilian Dragon: 6 g3 and 6 Be2 (without a later Be3).} Ne5 12. h3 Ba6 13. Re1 {[%emt 0:02:18] The position is equal.} Rb8 {[%emt 0:01:20] [#]} 14. Bc1 $146 ({Predecessor:} 14. f4 Nc4 15. Bxc4 Bxc4 16. b3 Ba6 17. Rc1 Bd4+ 18. Kh1 Bf2 19. f5 Bxe1 20. Qxe1 {0-1 (38) Toenniges,T (2133)-Fronczek,H (2288) Bad Wildbad 2001}) 14... Qa5 15. f4 Nc4 16. Qf3 e6 17. Rd1 Rfd8 {[%emt 0:02:59] Black is more active.} 18. Kh1 d5 19. Bxc4 Bxc4 20. e5 c5 (20... f6 {with more complications.} 21. exf6 Bxf6 22. Bd2 Rxb2 23. Ne4 dxe4 24. Bxa5 exf3 25. Bxd8 fxg2+ 26. Kh2 Bc3) 21. b3 Ba6 22. Bd2 Qc7 23. Rab1 Bf8 24. a3 Bb7 25. Qe2 a6 26. Be1 Qc6 27. Qf3 Be7 28. Ne2 Qb5 29. Nc3 Qb6 30. Qe2 Rf8 31. Bf2 Qc6 {[%emt 0:00:46] [#] White must now prevent ...d4.} 32. Qf3 Rbc8 33. Ne2 Qc7 34. Qg3 f6 (34... d4 $17 35. Rd2 Be4) 35. Ng1 $2 {[%emt 0:02:18] This move loses the game for White.} ({Better is} 35. exf6 $15 Rxf6 36. Re1) 35... fxe5 $19 36. fxe5 Rf5 {[%emt 0:00:16] aiming for ...d4.} 37. Nf3 Rcf8 38. Re1 $2 (38. Rd3) 38... d4 {[%emt 0:00:23][%cal Rb7f3] Black is clearly winning.} 39. Qg4 Rxf3 40. Qxe6+ R3f7 {[%emt 0:00:09] [#] And now ...Kg7 would win.} 41. Bg3 Qc6 {[%emt 0:00:19] Weighted Error Value: White=0.39/Black=0.18 (very precise)} 0-1

[Event "IV Estrellas 2022"]
[Site "La Palma"]
[Date "2022.08.11"]
[Round "8.13"]
[White "Marin Dorta, Alejandro"]
[Black "Cubas Cabrera, Angel Luis"]
[Result "0-1"]
[ECO "C67"]
[WhiteElo "1869"]
[BlackElo "2207"]
[Annotator "TA"]
[PlyCount "72"]
[EventDate "2022.08.06"]
[EventType "swiss"]
[EventCountry "ESP"]
[SourceTitle "playchess.com"]
[Source "ChessBase"]
[SourceQuality "1"]
[TimeControl "5400+30"]

1. e4 e5 2. Nf3 Nc6 3. Bb5 Nf6 4. O-O Nxe4 5. Re1 Nd6 6. Nxe5 Nxe5 7. Rxe5+ Be7 8. Bf1 O-O 9. d4 Ne8 {[%emt 0:05:17] C67: Ruy Lopez: Berlin Defence: 4 0-0 Nxe4.} 10. Nc3 d6 11. Re1 Bg5 {[%emt 0:00:37] [#] White has an edge.} 12. Bxg5 $146 ({Predecessor:} 12. Qf3 Bxc1 13. Raxc1 Nf6 14. Bd3 c6 15. d5 c5 16. Ne4 Nxe4 17. Qxe4 g6 18. h4 {½-½ (39) Siva,M (2349)-Vidit,S (2726) Chess.com INT 2020}) 12... Qxg5 13. Ne4 Qd8 14. Qd2 Bf5 15. Ng3 Bg6 16. Bd3 d5 17. Bxg6 hxg6 18. Qe3 c6 19. c3 Qb6 20. Re2 a5 21. b3 Nd6 22. Qd3 a4 23. Rb1 axb3 24. axb3 Ra3 25. Reb2 Qa5 26. Qc2 Nb5 27. Ne2 Re8 28. Kf1 Ra1 29. c4 {[%emt 0:02:07] [#]} (29. Qd2 $15) 29... Nxd4 $1 $17 30. Rxa1 Qxa1+ 31. Qc1 Qa7 {[%emt 0:03:57] Strongly threatening ...Nxe2. 0x0.0023611a0dd9dp-1022s more active pieces.} 32. cxd5 $2 {[%emt 0:02:06] Now White is beyond hope.} (32. Nxd4 $17 Qxd4 33. cxd5) 32... Nxe2 $19 ({Weaker is} 32... cxd5 33. Nxd4 Qxd4 34. Qd2 $17) 33. Rxe2 Qa6 34. Qd1 cxd5 35. Ke1 (35. f3 $142) 35... Rxe2+ 36. Qxe2 Qa1+ {[%emt 0:00:09] Weighted Error Value: White=0.21 (precise) /Black=0.03 (flawless)} 0-1

[Event "IV Estrellas 2022"]
[Site "La Palma"]
[Date "2022.08.11"]
[Round "8.14"]
[White "Gil Jimenez, David"]
[Black "Sosa Suarez, Carla Cristina"]
[Result "0-1"]
[ECO "E61"]
[WhiteElo "1871"]
[BlackElo "2125"]
[Annotator "TA"]
[PlyCount "106"]
[EventDate "2022.08.06"]
[EventType "swiss"]
[EventCountry "ESP"]
[SourceTitle "playchess.com"]
[Source "ChessBase"]
[SourceQuality "1"]
[TimeControl "5400+30"]

1. d4 d6 2. c4 e5 3. e3 Nd7 4. Nf3 g6 5. Be2 Bg7 6. O-O Ngf6 7. Nc3 O-O 8. dxe5 {[%emt 0:07:06] E61: King's Indian: Early deviations for White, including Smyslov System.} dxe5 9. Rb1 {[%emt 0:15:03] [#]} a5 $146 ({Predecessor:} 9... e4 10. Nd4 Qe7 11. Nd5 Nxd5 12. cxd5 Nb6 13. b3 Nxd5 14. Bb2 Rd8 15. a3 c5 {0-1 (28) Bieszk,S (1383)-Callow,C (2079) LSS email 2020}) 10. b3 {[%emt 0:00:51] The position is equal.} Qe7 {[%emt 0:14:10] Inhibits Ba3.} 11. e4 c6 12. Qc2 Re8 13. Rd1 Nf8 14. Na4 {[%emt 0:05:46] [#]} (14. h3 $11) 14... Bg4 (14... Nxe4 $1 $17 15. Be3 (15. Qxe4 $2 Bf5 $19) 15... Nd6) 15. Nc3 Nh5 16. h3 Bxf3 17. Bxf3 Nf4 18. Ne2 Nxe2+ 19. Bxe2 Ne6 20. Be3 Nd4 21. Bxd4 exd4 22. Bd3 Bh6 23. Qb2 c5 24. a3 Qf6 25. b4 axb4 26. axb4 b6 27. bxc5 bxc5 28. Qb6 Qxb6 (28... Qe5 {keeps more tension.} 29. Qc6 Ra2 30. Rb7 Bf8) 29. Rxb6 Ra3 30. Rb5 Bf8 31. f4 Rea8 32. Rb2 Rc3 33. Rc2 Rxc2 34. Bxc2 $15 {[%emt 0:00:00][%mdl 4096] Endgame KRB-KRB} Ra2 (34... Bh6 $5 35. g3 g5 36. fxg5 Bxg5 $17) 35. Bd3 Bh6 36. g3 g5 37. Rf1 gxf4 38. gxf4 Rd2 39. Bb1 Rb2 40. Bd3 $1 Rb3 41. Rf3 Bxf4 42. Rxf4 {[%emt 0:00:54] Strongly threatening Bf1.} Rxd3 $11 {[%emt 0:00:00] KR-KR} 43. Rf5 Rxh3 44. Rxc5 Rc3 45. Kf2 Kg7 46. Kg2 Kg6 47. Kf2 h5 {[%emt 0:00:08] Hoping for ...h4.} 48. Kg2 h4 {[%emt 0:00:23] White must now prevent ...Kf6.} 49. Kh2 $2 {[%emt 0:00:23][%mdl 8192] [#]} (49. Rd5 $11) 49... Re3 $2 ({Better is} 49... Kf6 $1 $19 {[%cal Rf6e6] And now ...Ke6 would win.} 50. Rd5 Rxc4) 50. e5 $2 (50. Rd5 $11) 50... Kf5 {[%emt 0:00:42] Black is clearly winning.} 51. Rc7 Ke6 52. Rc6+ Kxe5 53. Rh6 d3 {[%emt 0:01:22] Weighted Error Value: White=0.59/Black=0.28 (precise)} (53... Rc3 $142 54. Kg1 Rxc4 55. Rxh4 {[#]} d3 $1 56. Rh5+ Kd4) 0-1

[Event "IV Estrellas 2022"]
[Site "La Palma"]
[Date "2022.08.11"]
[Round "8.15"]
[White "Diaz Perez, Michel Alejandro"]
[Black "Guerrero Orihuela, Jose Luis"]
[Result "1/2-1/2"]
[ECO "A30"]
[WhiteElo "2433"]
[BlackElo "1858"]
[Annotator "TA"]
[PlyCount "53"]
[EventDate "2022.08.06"]
[EventType "swiss"]
[EventCountry "ESP"]
[SourceTitle "playchess.com"]
[Source "ChessBase"]
[SourceQuality "1"]
[TimeControl "5400+30"]

1. c4 e6 2. Nc3 Nf6 3. Nf3 c5 4. e3 Nc6 5. b3 Be7 6. Bb2 b6 7. Be2 Bb7 8. O-O O-O 9. d4 cxd4 10. Nxd4 Nxd4 11. Qxd4 Bc5 {[%emt 0:00:00] A30: Symmetrical English: Double Fianchetto and Hedgehog.} 12. Qf4 d5 13. cxd5 {[%emt 0:11:42] [#]} Bd6 $146 {[%emt 0:00:00] White is slightly better.} ({Predecessor:} 13... Nxd5 14. Nxd5 Bxd5 15. Rfd1 Qe7 16. Qg3 f6 17. Bd3 Rad8 18. Qh3 g6 19. Qg4 {½-½ (19) Waardenburg,F (1602)-Schelleman,I (1706) Rotterdam 2016}) 14. Qf3 {[%emt 0:08:14] White is more active.} (14. Qd4 $14) 14... Nxd5 15. Ne4 f5 {[%emt 0:00:00] Against Qg4} 16. Nxd6 Qxd6 17. Rfd1 Qe7 18. Qg3 Rac8 {[%emt 0:00:00] Hoping for ...Rc2.} 19. Be5 {[%emt 0:05:00] This bishop pair is nice.} ({Better is} 19. Rac1 $16) 19... Nc3 $11 20. Bxc3 Rxc3 21. Bc4 {[%emt 0:00:20] Black must now prevent Qe5.} f4 $1 22. Qh3 {[%emt 0:03:25][%cal Od1d7] Strongly threatening Rd7!} fxe3 23. Bxe6+ (23. Qxe6+ $11 Qxe6 24. Bxe6+ Kh8 25. fxe3) 23... Kh8 $17 24. fxe3 Qc5 (24... Qf6 $2 25. Rf1 Qe7 26. Rxf8+ Qxf8 27. Rf1 $18) 25. Rf1 {[%emt 0:03:16] Rxf8+ is the strong threat.} Rxf1+ 26. Rxf1 {[%emt 0:00:04] Threatens to win with Qh4.} Rxe3 $2 {[%emt 0:00:13][%mdl 8192] [#]} (26... Rc2 $15 27. Rf2 Rc1+ 28. Rf1 Rc2) 27. Rf8+ $3 {[%emt 0:00:48][%mdl 512] Weighted Error Value: White=0.27 (precise) /Black=0.17 (very precise)} 1/2-1/2

[Event "IV Estrellas 2022"]
[Site "La Palma"]
[Date "2022.08.11"]
[Round "8.16"]
[White "Miranda Herrera, Miguel"]
[Black "Meneses Arenas, Mikel"]
[Result "1-0"]
[ECO "E73"]
[WhiteElo "1904"]
[BlackElo "1807"]
[Annotator "TA"]
[PlyCount "71"]
[EventDate "2022.08.06"]
[EventType "swiss"]
[EventCountry "ESP"]
[SourceTitle "playchess.com"]
[Source "ChessBase"]
[SourceQuality "1"]
[TimeControl "5400+30"]

1. d4 Nf6 2. c4 g6 3. h4 Bg7 4. Nc3 d6 5. e4 O-O 6. Be2 c5 7. d5 e6 8. h5 exd5 {[%emt 0:00:28] E73: King's Indian: Averbakh Variation without 6...c5.} 9. exd5 Re8 10. hxg6 fxg6 {[%emt 0:02:43] The position is equal.} 11. Bg5 Nbd7 12. Qd2 {[%emt 0:01:29] [#]} b5 $146 ({Predecessor:} 12... Ne5 13. O-O-O Nf7 14. Be3 a6 15. Nh3 b5 16. cxb5 axb5 17. Bxb5 Bd7 18. Bxd7 Qxd7 {0-1 (61) Lamaze,S (2203)-Budrewicz,K (2289) Chess.com INT 2021}) 13. Nxb5 Qb6 14. f3 {[%emt 0:09:59] Against Ne4} (14. Nc3 $1 $11) 14... Rb8 $15 15. a4 Ne5 $1 {[%emt 0:03:40] And now ...Nxc4 would win.} 16. a5 Qd8 {[%emt 0:00:58] aiming for ...Nxc4.} 17. Nxa7 $2 (17. Kf1 $17) 17... Rxb2 $1 $19 (17... Nxc4 18. Qc3 Nxd5 19. Qxg7+ (19. Bxd8 Nxc3 20. Nxc8 Rxc8 $17) 19... Kxg7 20. Bxd8 Rxb2 21. Nxc8 $11) 18. Qc3 {[%emt 0:00:04] [#]} (18. Qxb2 Nd3+ 19. Kf1 Nxb2 $19) (18. Nc6 {was called for.} Qc7 19. Qd1 (19. Qxb2 $2 Nd3+ 20. Kf1 Nxb2 $19) (19. Ne7+ $2 Qxe7 20. Qe3 Qb7 $19)) 18... Bf5 $1 {[%emt 0:16:32] Threatens to win with ...Nd3+.} 19. Nc6 Nd3+ 20. Qxd3 (20. Kf1 Ne4 $1 21. fxe4 (21. Bxd8 $2 Ng3#) (21. Qxg7+ $2 Kxg7 22. Bh6+ Kh8 $19) 21... Qxg5 $19) 20... Bxd3 21. Nxd8 Bxe2 22. Nxe2 Rexe2+ (22... Rbxe2+ $19 23. Kf1 Nh5 24. Rxh5 Bxa1) 23. Kd1 $11 Rxg2 24. Ne6 Bh8 25. Re1 (25. Bc1 $5 Rb3 26. Nf4 $16) 25... Nd7 {[%emt 0:09:29] Hoping for ...Bc3.} 26. Bf4 $2 (26. a6 $11 Nb6 27. a7) 26... Bc3 27. Rf1 $2 (27. a6 $19 Bxe1 28. a7) 27... Ne5 $1 28. a6 Ra2 $2 (28... Nxc4 29. a7 Nb6 30. a8=Q+ Nxa8 31. Rxa8+ Kf7 32. Ng5+ Ke7 33. Kc1 (33. Nxh7 $2 {leads to mate.} Rb1+ 34. Bc1 Rd2+ 35. Ke1 Rxc1#) 33... Rgc2+ 34. Kd1 $11) (28... Nd3 {mates} 29. a7 Rgd2+ $1 30. Bxd2 Rxd2#) 29. Rxa2 {[%emt 0:00:05] Dancing on a razor blade.} Rxa2 30. Bxe5 Bxe5 {[%emt 0:00:27][%mdl 4096] Endgame KRB-KRN} 31. Nc7 {[%emt 0:03:21] [#]} (31. f4 $15 Bf6 32. Nc7 (32. f5 g5 $17)) 31... h5 ({Black should play} 31... g5 $1 $17 {...h5 is the strong threat.} 32. Re1 Kf7) 32. f4 $15 Bc3 (32... Bf6 $15 {keeps the upper hand.}) 33. Nb5 $1 $18 Bd4 (33... Bf6 $142 34. a7 Bd8) 34. a7 Kf8 35. Rf2 $4 Bb2 $4 {[%mdl 8192] [#]} (35... Bxf2 $19 36. Nxd6 Rxa7) 36. Rf3 {[%emt 0:00:00] Weighted Error Value: White=0.93/Black=0.94} (36. Rxb2 $142 $1 Ra5 (36... Ra4 37. Rb3) 37. Ke2) 1-0

[Event "IV Estrellas 2022"]
[Site "La Palma"]
[Date "2022.08.11"]
[Round "8.17"]
[White "Chitsazian, Daniel"]
[Black "Marrero Rodriguez, Jorge"]
[Result "1/2-1/2"]
[ECO "B17"]
[WhiteElo "1767"]
[BlackElo "1941"]
[Annotator "NA RC"]
[PlyCount "47"]
[EventDate "2022.08.06"]
[EventType "swiss"]
[EventCountry "ESP"]
[SourceTitle "playchess.com"]
[Source "ChessBase"]
[SourceQuality "1"]
[TimeControl "5400+30"]

1. e4 c6 2. d4 d5 3. Nd2 dxe4 4. Nxe4 Nd7 5. Nf3 Ngf6 6. Nxf6+ Nxf6 7. Bc4 Bf5 8. Ne5 e6 9. a4 Bd6 10. Bf4 O-O 11. O-O Qc7 12. Bd3 Bxd3 13. Qxd3 c5 14. Bg3 Rfd8 15. Rac1 cxd4 16. Qxd4 Nh5 17. Rce1 f6 18. Qg4 Nxg3 19. Qxe6+ Kf8 20. fxg3 Bxe5 21. Rxe5 Re8 22. Rxf6+ gxf6 23. Qxf6+ Qf7 24. Qh8+ 1/2-1/2

[Event "IV Estrellas 2022"]
[Site "La Palma"]
[Date "2022.08.11"]
[Round "8.18"]
[White "Arnaiz Yanes, Miguel Angel"]
[Black "Santos Ramos, Carlos"]
[Result "1-0"]
[ECO "D02"]
[WhiteElo "1923"]
[BlackElo "1855"]
[Annotator "TA"]
[PlyCount "113"]
[EventDate "2022.08.06"]
[EventType "swiss"]
[EventCountry "ESP"]
[SourceTitle "playchess.com"]
[Source "ChessBase"]
[SourceQuality "1"]
[TimeControl "5400+30"]

1. d4 e6 2. Nf3 d5 3. Bg5 Be7 4. Bxe7 Nxe7 5. e3 O-O 6. Bd3 {[%emt 0:00:06] D02: 1 d4 d5 2 Nf3 sidelines, including 2...Nf6 3 g3 and 2...Nf6 3 Bf4.} f5 (6... c5 $11) 7. Nbd2 Nd7 8. O-O {[%emt 0:01:20] [#] White is slightly better.} Ng6 $146 ({Predecessor:} 8... Qe8 9. c4 c6 10. Rc1 Nf6 11. Ne5 Ng6 12. Ndf3 Nd7 13. Nxd7 Bxd7 14. Qb3 Rb8 {½-½ (23) Tskhadadze,A-Fershtman,P St Petersburg 2007}) 9. c4 c6 10. Qc2 Nf6 11. cxd5 Nxd5 12. a3 Bd7 13. Rac1 Rc8 14. Nc4 Qe7 15. b4 {[%emt 0:00:52] Against c5} Rc7 16. Rfe1 Nh4 17. Nce5 Nxf3+ 18. Nxf3 Qf6 19. Qc5 Bc8 ({Black should try} 19... a6) 20. Qd6 (20. Qxa7 $142 b5 21. Qc5) 20... Qh6 21. Bc4 Rd7 22. Qe5 $36 {[%emt 0:03:30][%mdl 2048] White is really pushing.} Rdf7 (22... Rdd8 $16 {was called for.} 23. Qb8 a6) 23. Qd6 $2 (23. b5 $18) 23... Rf6 $2 (23... Rd7 $11 {and Black has nothing to worry.} 24. Qc5 a6) 24. b5 $18 f4 25. e4 ({Stronger than} 25. bxc6 fxe3 26. Bxd5 exd5 27. Qxd5+ Be6 $11) 25... Nb6 26. bxc6 Nxc4 27. Rxc4 {[%emt 0:00:14] Hoping for cxb7.} bxc6 28. Rxc6 Rg6 (28... e5 $142 29. Qxf8+ Kxf8 30. Rxc8+ Ke7) 29. Kf1 (29. Rb1 $142 {[%cal Od6f8] And now Qxf8+! would win.} Qh5 {[#]} 30. Rxc8 $1 Rxc8 31. Rb8 Rxg2+ 32. Kxg2 Qg6+ 33. Kf1) 29... Bb7 30. Rc7 e5 31. Qxe5 Ba6+ 32. Kg1 Qh3 (32... Rb6 $142 33. Rxa7 Qf6 34. Qd5+ Qe6) 33. Rxg7+ Rxg7 {[%emt 0:01:24] [#]} 34. Qxg7+ Kxg7 35. gxh3 {[%emt 0:00:08][%mdl 4096] Endgame KRB-KRN} Rc8 36. Kg2 Rc3 37. Ng5 {[%emt 0:01:57] Threatens to win with Ne6+.} Kg6 $2 (37... Bc8 38. d5 h6) 38. Ne6 f3+ 39. Kg3 Be2 40. Ra1 Kf6 41. Nf4 Rc4 42. Ra2 Rxd4 43. Nxe2 fxe2 44. Rxe2 {[%emt 0:00:08] KR-KR} Ke5 45. f4+ Ke6 46. Re3 a5 47. e5 {[%emt 0:03:05] Kg4 is the strong threat.} a4 $2 (47... h5 48. Kf3 Rd2 49. f5+ Kxf5) 48. Kg4 Rd2 49. f5+ Ke7 50. Re4 Rg2+ 51. Kf3 Rxh2 52. Kg3 Rd2 53. Rxa4 {[%emt 0:00:04] White mates.} Rd3+ 54. Kg4 Re3 55. Ra7+ Kf8 56. e6 Kg8 57. h4 {[%emt 0:00:24] Weighted Error Value: White=0.41/Black=0.43} 1-0

[Event "IV Estrellas 2022"]
[Site "La Palma"]
[Date "2022.08.12"]
[Round "9.1"]
[White "Baskin, Robert"]
[Black "Geske, Julian"]
[Result "1/2-1/2"]
[ECO "C02"]
[WhiteElo "2408"]
[BlackElo "2386"]
[Annotator "TA"]
[PlyCount "31"]
[EventDate "2022.08.06"]
[EventType "swiss"]
[EventCountry "ESP"]
[SourceTitle "playchess.com"]
[Source "ChessBase"]
[SourceQuality "1"]
[TimeControl "5400+30"]

1. e4 e6 2. d4 d5 3. e5 c5 4. c3 Nc6 5. Nf3 Qb6 6. Be2 cxd4 7. cxd4 Nh6 8. Bxh6 $1 {[%emt 0:00:32][%mdl 4] [#] aiming for Bc1. is more profitable than 8.Nc3 at the moment.} Qxb2 {[%emt 0:00:47] C02: French: Advance Variation.} 9. Nc3 Qxc3+ 10. Bd2 Qb2 {[%emt 0:00:08] [#] Black has an edge.} 11. Kf1 $146 ({Predecessor:} 11. O-O a6 12. Kh1 Be7 13. a4 Qb6 14. a5 Qa7 15. Bd3 Bd7 16. Qb1 g5 17. Bxg5 Bxg5 18. Nxg5 Qxd4 {½-½ (70) Durarbayli,V (2629)-Baskin,R (2383) Chess.com INT 2021}) 11... Bd7 (11... Nxd4 $2 12. Rb1 Qc2 13. Nxd4 Qxd1+ 14. Rxd1 $18) 12. a4 Be7 ({Resist} 12... Nxd4 13. Rb1 Qc2 14. Nxd4 Qxd1+ 15. Bxd1 $16) 13. Rb1 {[%emt 0:00:05][%mdl 64] [#] Deflection. The position is equal.} Qa2 14. Ra1 Qb2 15. Rb1 {[%emt 0:00:03][%mdl 64] Deflection} Qa2 16. Ra1 {[%emt 0:00:05] Weighted Error Value: White=0.08 (flawless) /Black=0.06 (flawless)} 1/2-1/2

[Event "IV Estrellas 2022"]
[Site "La Palma"]
[Date "2022.08.12"]
[Round "9.2"]
[White "Del Rio De Angelis, Salvador G."]
[Black "Pap, Misa"]
[Result "1/2-1/2"]
[ECO "E45"]
[WhiteElo "2442"]
[BlackElo "2375"]
[Annotator "TA"]
[PlyCount "34"]
[EventDate "2022.08.06"]
[EventType "swiss"]
[EventCountry "ESP"]
[SourceTitle "playchess.com"]
[Source "ChessBase"]
[SourceQuality "1"]
[TimeControl "5400+30"]

1. d4 Nf6 2. c4 e6 3. Nc3 Bb4 4. e3 b6 5. Nge2 Ba6 6. Ng3 O-O {[%emt 0:00:23] The position is equal.} 7. Bd3 {[%emt 0:00:31] E45: Nimzo-Indian: Rubinstein: 4...b6 5 Ne2 Ba6.} d5 8. cxd5 Bxd3 9. Qxd3 {[%emt 0:00:08] Black should prevent dxe6.} exd5 10. O-O Re8 11. Bd2 {[%emt 0:00:17] [#] An interesting draw.  Weighted Error Value: White=0.05 (flawless) /Black=0.01 (flawless)} {Predecessor:} Nbd7 $146 12. Rfd1 Qb8 13. Rac1 Bxc3 14. Qxc3 c5 15. dxc5 Nxc5 16. Qd4 Qd6 17. Bc3 Qe6 {1-0 (72) Jussupow,A (2635)-Braun,P (2265) Schwaebisch Gmuend 2000} 1/2-1/2